 Dungeon Crawl Stone Soup version 0.19.5 (webtiles) character file.

42 Gargoyl the Skirmisher (level 3, -2/33 HPs)
             Began as a Ghoul Abyssal Knight on May 1, 2017.
             Was a Follower of Lugonu.
             Slain by a crimson imp (3 damage)
             ... summoned by Natasha
             ... on level 2 of the Dungeon.
             The game lasted 00:02:19 (981 turns).

Gargoyl the Skirmisher (Ghoul Abyssal Knight)        Turns: 981, Time: 00:02:20

Health: -2/33      AC:  8    Str: 15    XL:     3   Next: 56%
Magic:  3/3        EV:  6    Int:  7    God:    Lugonu [*.....]
Gold:   84         SH:  0    Dex:  9    Spells: 0 memorised, 2 levels left

rFire  . . .     SeeInvis .     a - +2 hand axe
rCold  + . .     Gourm    .     f - +0 chain mail
rNeg   + + +     Faith    .     (no shield)
rPois  ∞         Spirit   .     (no helmet)
rElec  .         Reflect  .     (no cloak)
rCorr  .         Harm     .     (no gloves)
MR     .....                    (no boots)
Stlth  ..........               (no amulet)
                                (no ring)
                                (no ring)

@: flying, rotting, slowed, very slow
A: rotting body, claws 1, carnivore 3, cold resistance 1, negative energy
resistance 3, slow regeneration 1, torment resistance, unbreathing
a: Depart the Abyss, Renounce Religion


You were on level 2 of the Dungeon.
You worshipped Lugonu.
Lugonu was aware of your devotion.
You were not hungry.

You visited 1 branch of the dungeon, and saw 2 of its levels.
You visited the Abyss 1 time.

You collected 84 gold pieces.

Inventory:

Hand Weapons
 a - a +2 hand axe (weapon)
Armour
 b - a +0 leather armour
 f - a +0 chain mail (worn)
Comestibles
 c - a meat ration
 d - a beef jerky
 g - 2 chunks of flesh


   Skills:
 + Level 4.0 Fighting
 + Level 2.1 Axes
 * Level 2.3 Armour
 + Level 0.8 Dodging
 * Level 2.4 Invocations


You had 2 spell levels left.
You didn't know any spells.

Dungeon Overview and Level Annotations

Branches:
Dungeon (2/15)

Altars:

Annotations:
D:2 Natasha


Innate Abilities, Weirdness & Mutations

Your body is rotting away.
You thrive on raw meat.
You are immune to poison.
You have sharp fingernails.
You are carnivorous and can eat meat at any time.
Your flesh is cold resistant. (rC+)
You are immune to negative energy. (rN+++)
You regenerate slowly when monsters are visible.
You are immune to unholy pain and torment.
You can survive without breathing.


Message History

Natasha claws you.
* * * LOW HITPOINT WARNING * * *
The crimson imp hits you but does no damage. x2
Natasha drinks a potion.
Natasha is healed!
The crimson imp disappears for a moment.
You hit Natasha but do no damage.
Natasha is moderately wounded.
Your chain mail prevents you from hitting the crimson imp.
You hit the crimson imp.
The crimson imp hits you but does no damage.
The crimson imp blinks!
Natasha claws you but does no damage. The crimson imp barely misses you.
The crimson imp hits you but does no damage.
Natasha claws you but does no damage.
As you read the scroll labeled IRICRU XUOSAUM, it crumbles to dust.
It is a scroll of identify. a +0 club The crimson imp disappears in a puff of smoke!
The crimson imp hits you.
You die...

#.#####.#.####### #
#. #.#........ #.#.
#.#........
#.#.#####.#.#######
...........#
#...###...#
#...###...#
#.5§......#
#.§@###...#
#...h.5.........
###...###..#####
##### ####


You could see Natasha and 2 crimson imps.

Vanquished Creatures
  2 adders (D:2)
  An ooze (D:2)
  A worm (D:2)
  A dart slug (D:1)
  2 bats
  A goblin (D:1)
  2 hobgoblins
  A quokka (D:2)
  2 frilled lizards
  3 kobolds
  3 rats (D:1)
19 creatures vanquished.

Notes
Turn   | Place    | Note
-------+----------+-------------------------------------------
     0 | Abyss:1  | Gargoyl the Ghoul Abyssal Knight began the quest for the Orb.
     0 | Abyss:1  | Reached XP level 1. HP: 19/19 MP: 1/1
    32 | Abyss:2  | Found an opulent altar of Gozag.
    86 | Abyss:2  | Noticed a starcursed mass
    88 | Abyss:2  | Noticed a tentacled starspawn
    88 | D:1      | Escaped the Abyss
   381 | D:1      | Reached * piety under Lugonu
   430 | D:1      | Reached XP level 2. HP: 25/26 MP: 2/2
   935 | D:2      | Reached XP level 3. HP: 29/33 MP: 3/3
   945 | D:2      | Reached skill level 4 in Fighting
   967 | D:2      | Noticed Natasha
   979 | D:2      | HP: 1/33 [Natasha (1)]
   981 | D:2      | Slain by a crimson imp

Skill      XL: |  1  2  3 |
---------------+----------+-----
Armour         | 2 |  2.3
Axes           | 2 |  2.1
Fighting       | 4 |  4.0
Dodging        | |  0.8
Invocations    | |  2.4

Action                   || total
-------------------------++-------
Melee: Hand axe          ||    60
Invok: Depart the Abyss  ||     1
  Use: Scroll            ||     8
       Potion            ||     1
  Eat: Chunk             ||     9
Armor: Chain mail        ||    52
Dodge: Dodged            ||    23
